Description

simply and easy terran beginer build order

Build Order

Get SALT Encoding   

  12  0:00  SCV  
  13  0:12  SCV  
  14  0:17  Supply Depot  
  14  0:24  SCV  
  15  0:39  SCV  
  15  0:40  Barracks  
  16  0:45  Refinery  
  16  0:51  SCV  
  17  1:03  SCV  
  18  1:15  SCV  
  19  1:30  Orbital Command, Marine  
  20  1:41  Command Center  
  20  1:49  Barracks Reactor  
  20  1:55  Supply Depot  
  20  1:56  SCV  
  21  2:09  SCV  
  21  2:12  Factory  
  22  2:21  SCV  
  23  2:23  Bunker  
  23  2:25  Marine x2  
  25  2:33  Refinery  
  26  2:44  Marine x2  
  29  2:54  Orbital Command  
  30  3:02  Starport  
  30  3:05  Factory Tech Lab  
  31  3:13  Marine x2  
  34  3:24  Widow Mine  
  37  3:28  Supply Depot  
  39  3:40  Viking  
  41  3:46  Siege Tank  
  46  3:51  Supply Depot  
  48  4:05  Barracks x2  
  50  4:12  Starport Tech Lab  
  50  4:15  Marine x2  
  52  4:21  Supply Depot  
  54  4:28  Factory Tech Lab  
  54  4:31  Engineering Bay  
  54  4:36  Refinery  
  56  4:38  Starport Reactor, Marine  
  58  4:47  Siege Tank  
  65  5:02  Refinery  
  70  5:19  Siege Tank  
  77  5:41  Command Center  
  77  5:44  Marauder x2  
  85  6:17  Marauder x2  
Spawning Tool Build Advisor. Get it on Overwolf

Go to:

Details

  • Created by: toonzy
  • Published on: Feb 20, 2023
  • Modified on: Feb 20, 2023
  • Patch: 5.0.11
  • Difficulty: Easy
Show
View Real Time Build Order
Export as new Build Order

Comments (0)

There are no comments. Be the first!

Create an account to comment!